 Dungeon Crawl Stone Soup version 0.28-a0-803-g74956062c1 (webtiles) character file.

Game seed: 6870854685310802793

86 Decritt the Chopper (level 4, -1/40 (42) HPs)
             Began as a Deep Dwarf Fighter on Nov 7, 2021.
             Slain by a gnoll (12 damage)
             ... on level 2 of the Dungeon.
             The game lasted 00:03:06 (1006 turns).

Decritt the Chopper (Deep Dwarf Fighter)            Turns: 1006, Time: 00:03:07

HP:   -1/40 (42)    AC:  8    Str: 21    XL:     4   Next: 27%
MP:   3/3           EV:  9    Int:  8    God:
Gold: 11            SH:  4    Dex: 12    Spells: 3/3 levels left

rFire   . . .      SeeInvis .   a - +1 war axe
rCold   . . .      Faith    .   c - +0 buckler
rNeg    . . .      Spirit   .   b - +0 scale mail
rPois   .          Reflect  .   g - +0 helmet
rElec   .          Harm     .   (no cloak)
rCorr   .          Rampage  .   (no gloves)
Will    .....                   (no boots)
Stlth   ..........              (no amulet)
HPRegen 0.00/turn               (no ring)
MPRegen 0.08/turn               (no ring)

@: lightly drained
A: damage resistance, heal wounds, sense surroundings 1, no regeneration
a: Heal Wounds


You were on level 2 of the Dungeon.
You visited 1 branch of the dungeon, and saw 2 of its levels.

You collected 11 gold pieces.

Inventory:

Hand Weapons
 a - a +1 war axe (weapon)
Armour
 b - a +0 scale mail (worn)
 c - a +0 buckler (worn)
 g - a +0 helmet (worn)
Scrolls
 e - a scroll of brand weapon {unknown}
 f - 2 scrolls of enchant weapon
 i - a scroll of enchant armour {unknown}
 j - a scroll of silence {unknown}
Potions
 d - a potion of might
 h - a potion of berserk rage
 k - a potion of curing
 l - a potion of attraction {unknown}


   Skills:
 + Level 3.4 Fighting
 * Level 4.3 Axes
 - Level 3.2 Armour
 - Level 3.2 Shields


You had 3 spell levels left.
You didn't know any spells.
Your spell library was empty.

Dungeon Overview and Level Annotations

Branches:
Dungeon (2/15)

Altars:


Innate Abilities, Weirdness & Mutations

You are resistant to damage.
You can heal yourself by infusing magical energy.
You passively map a small area around you.
You do not regenerate.


Message History

The gnoll is almost dead.
You hit the hobgoblin.
You kill the hobgoblin!
You closely miss the ball python. The gnoll closely misses you.
The ball python bites you but does no damage.
The ball python barely misses you.
The gnoll hits you with a +2 flail of draining!
You feel drained. The ball python barely misses you. x2
You slash the gnoll!
You kill the gnoll!
You hit the ball python.
The ball python bites you but does no damage.
The ball python grabs you. The ball python constricts you.
You hit the ball python.
The ball python is heavily wounded.
The ball python bites you but does no damage.
The ball python constricts you. The gnoll barely misses you.
The ball python barely misses you. The ball python constricts you.
The gnoll hits you from afar with a +0 halberd.
You barely miss the ball python.
The ball python is heavily wounded.
You closely miss the gnoll. The gnoll hits you with a +0 whip.
The ball python barely misses you. The ball python constricts you.
The gnoll barely misses you. The gnoll hits you with a +0 whip.
* * * LOW HITPOINT WARNING * * *
You are too injured to fight recklessly!
You slash the gnoll!
The gnoll is almost dead.
You closely miss the ball python. The ball python completely misses you.
The ball python constricts you.
The gnoll hits you from afar with a +0 halberd!
* * * LOW HITPOINT WARNING * * *
You block the gnoll's attack. You block the ball python's attack.
The ball python constricts you.
You barely miss the gnoll.
The gnoll is almost dead.
You slash the ball python!
You kill the ball python!
The gnoll hits you from afar with a +0 halberd!
You die...

#....## #######.. ,
#....# ##........, ,***
#....###..##########
#........#######...## ,
...<................## ,
#.....########.†.....##.
#.....# , * #........>.
#...... , #.......... ,
#.............#)@†......
................†g.....#
*
####.............g......
, , .............?.. , *
............#..., *
....<.##....#... * .....
##.#.. ,. , , .....,,
..##. , ,


You could see 2 gnolls.

Vanquished Creatures
  Robin (D:2)
  An adder (D:2)
  A gnoll (D:2)
  A worm (D:2)
  2 endoplasms
  4 giant cockroaches
  14 goblins
  6 hobgoblins
  4 jackals (D:1)
  4 kobolds
  2 ball pythons (D:2)
  7 bats
  3 frilled lizards (D:1)
  A rat (D:1)
51 creatures vanquished.

Notes
Turn   | Place    | Note
-------+----------+-------------------------------------------
     0 | D:1      | Decritt the Deep Dwarf Fighter began the quest for the Orb.
     0 | D:1      | Reached XP level 1. HP: 20/20 MP: 1/1
   141 | D:1      | Reached XP level 2. HP: 22/27 MP: 2/2
   268 | D:1      | Reached skill level 3 in Axes
   502 | D:1      | Reached XP level 3. HP: 26/34 MP: 3/3
   869 | D:2      | Noticed Robin
   947 | D:2      | Reached skill level 4 in Axes
   952 | D:2      | Killed Robin
   953 | D:2      | Reached XP level 4. HP: 15/42 MP: 4/4
  1006 | D:2      | Slain by a gnoll

Illustrated notes

Levels and vault maps discovered:
D:1:      dpeg_arrival_radiant, layout_loops_corners
D:2:      layout_rooms, chequers_ecumenical_altar_simple, uniq_robin

Skill      XL: |  1  2  3 |
---------------+----------+-----
Axes           | 3 4 |  4.3
Fighting       | 3 |  3.4
Armour         | |  3.2
Shields        | |  3.2

Action                   |  1- 3 |  4- 6 || total
-------------------------+-------+-------++-------
Melee: War axe           |    74 |    11 ||    85
 Abil: Heal Wounds       |       |     1 ||     1
  Use: Scroll            |     3 |       ||     3
Armor: Scale mail        |    43 |     3 ||    46
Dodge: Dodged            |    32 |    10 ||    42
Block: Buckler           |    14 |     3 ||    17

Table legend: (Time is in decaauts)
 A = Elapsed time spent in this place.
 B = Non-inter-level travel time spent in this place.
 C = Inter-level travel time spent in this place.
 D = Time resting spent in this place.
 E = Time spent auto-exploring this place.
 F = Levels seen in this place.
 G = Mean time per level.
                   A        B        C        D        E       F      G
               +--------+--------+--------+--------+--------+-----+--------+
         Total |   1035 |    982 |     53 |      0 |    721 |   2 |  517.5 |
       Dungeon |   1035 |    982 |     53 |      0 |    721 |   2 |  517.5 |
               +--------+--------+--------+--------+--------+-----+--------+

Top non-repeatable levels by time:
     D:1: 927 daAuts
     D:2: 108 daAuts
